 Dungeon Crawl Stone Soup version 0.17.0-26-gececa24 (webtiles) character file.

12711 multipassport the Fighter (level 11, -16/101 HPs)
             Began as a Minotaur Chaos Knight on Nov 19, 2015.
             Demolished by Rupert
             ... wielding a +0 battleaxe of draining
              (32 damage)
             ... on level 3 of the Lair of Beasts.
             The game lasted 00:46:23 (11108 turns).

multipassport the Fighter (Minotaur Chaos Knight)  Turns: 11108, Time: 00:46:23

Health: -16/101    AC: 20    Str: 21    XL:     11   Next: 66%
Magic:  10/10      EV:  7    Int:  9    God:    Xom [..*...]
Gold:   778        SH: 12    Dex:  8    Spells: 0 memorised, 10 levels left

rFire  + + .     SeeInvis .     Q - +6 scimitar of Flaming Death {sticky flame, rPois rF++ rC- MR+}
rCold  x . .     Clarity  .     U - +0 plate armour
rNeg   + . .     SustAt   .     h - +1 shield
rPois  +         Gourm    .     (helmet restricted)
rElec  .         Spirit   .     D - +0 cloak
rCorr  +         Warding  .     E - +0 pair of gloves
rMut   .         Stasis   .     (no boots)
MR     +....                    K - amulet of resist corrosion
Stlth  ..........               t - ring of positive energy
                                (no ring)

@: heavily drained, somewhat resistant to hostile enchantments, extremely
unstealthy
A: retaliatory headbutt, horns 2, rough black scales 1, regeneration 1, spit
poison 1, no device heal 1
a: Spit Poison, Renounce Religion


You were on level 3 of the Lair of Beasts.
You worshipped Xom.
You were a toy of Xom.
You were not hungry.

You visited 3 branches of the dungeon, and saw 12 of its levels.
You also visited: Sewer and Bailey.

You collected 778 gold pieces.

Inventory:

Hand Weapons
 a - a +0 hand axe of chaos
 Q - the +6 scimitar of Flaming Death (weapon) {sticky flame, rPois rF++ rC- MR+}
   (You found it on level 7 of the Dungeon)

   It has been specially enchanted to burn those struck by it, causing extra
   injury to most foes and up to half again as much damage against particularly
   susceptible opponents.
   Big, fiery blades are also staple armaments of hydra-hunters.
   It greatly protects you from fire.
   It makes you vulnerable to cold.
   It protects you from poison.
   It affects your resistance to hostile enchantments.
 S - the cursed +1 halberd "Baaxai" {chop, rElec MR+ Dex+7 SInv}
   (You found it on level 8 of the Dungeon)

   It inflicts extra damage upon your enemies.
   It affects your dexterity (+7).
   It insulates you from electricity.
   It affects your resistance to hostile enchantments.
   It lets you see invisible.
   It has a curse placed upon it.
Armour
 h - a +1 shield (worn)
 D - a +0 cloak (worn)
 E - a +0 pair of gloves (worn)
 U - a +0 plate armour (worn)
Jewellery
 t - a ring of positive energy (right hand)
 K - an amulet of resist corrosion (around neck)
Wands
 l - a wand of draining (4)
 n - a wand of digging (19)
 o - a wand of slowing (30)
 s - a wand of flame (31)
 u - a wand of flame (24)
 C - a wand of confusion (8)
 I - a wand of frost (25)
 L - a wand of lightning (10)
Scrolls
 e - 4 scrolls of remove curse
 f - a scroll of fog {unknown}
 i - a scroll of magic mapping {unknown}
 j - a scroll of noise
 m - a scroll of enchant weapon {unknown}
 p - a scroll of recharging
 r - 2 scrolls of identify
 v - a scroll of blinking {unknown}
 x - 4 scrolls of teleportation {unknown}
 y - 2 scrolls of amnesia {unknown}
 F - a scroll of immolation {unknown}
 J - 2 scrolls of random uselessness {unknown}
 M - 2 scrolls of fear {unknown}
 P - a scroll of brand weapon {unknown}
Potions
 d - 3 potions of agility
 g - 10 potions of curing
 k - 4 potions of brilliance
 q - 2 potions of flight
 w - 7 potions of heal wounds
 z - a potion of might
 A - a potion of invisibility
 O - a potion of cancellation
 V - 3 potions of resistance
 Y - 2 potions of ambrosia
Miscellaneous
 G - a lantern of shadows
Comestibles
 b - 6 meat rations
 c - 6 bread rations
 B - 6 beef jerkies
 H - a slice of pizza
 N - a royal jelly


   Skills:
 + Level 10.7(9.3) Fighting
 + Level 6.6(5.4) Long Blades
 - Level 8.1(6.8) Axes
 + Level 10.5(9.1) Armour
 + Level 9.3(7.9) Dodging
 + Level 10.1(8.7) Shields


You had 10 spell levels left.
You didn't know any spells.

Dungeon Overview and Level Annotations

Branches:
Dungeon (8/15)             Temple (1/1) D:4            Lair (3/8) D:8
  Swamp: Lair:3-6    Shoals: Lair:3-6     Snake: Lair:3-6    Spider: Lair:3-6

Altars:
Ashenzari
Dithmenos
Elyvilon
Gozag
Makhleb
Nemelex Xobeh
Qazlal
Trog
Vehumet
Xom
Yredelemnul

Shops:
D:7 }

Annotations:
Lair:3 Rupert


Innate Abilities, Weirdness & Mutations

You reflexively headbutt those who attack you in melee.
You have a pair of horns on your head.
You are partially covered in rough black scales (AC +4, Dex -1).
Your natural rate of healing is unusually fast.
You can spit weak poison.
Potions and wands are less effective at restoring your health.


Message History

You block the water moccasin's attack.
Your shield and plate armour prevent you from hitting the water moccasin.
The water moccasin is heavily wounded.
Something hits you but does no damage. You partially resist.
You feel drained.
You block the water moccasin's attack. x2
Something hits you!
* * * LOW HITPOINT WARNING * * *
You emit a cloud of colourful smoke!
You partially resist.
You feel drained.
* * * LOW HITPOINT WARNING * * *
Something hits you!!
* * * LOW HITPOINT WARNING * * *
Xom is amused.
You partially resist.
You feel drained.
The water moccasin bites you but does no damage.
Drink which item? (? for menu, Esc to quit)
You feel much better. You block the water moccasin's attack.
Something hits you!!
You die...
Xom titters!

#...#......
......#..#
##.......P#
........####
#.........#
##.........##
#.....$.....#
#.<@{.§...#
##..S§§...#
####§§####
####


You could see a water moccasin.

Vanquished Creatures
  A hydra (Lair:1)
  The ghost of DEFE the Firebug, a novice OpFE of Vehumet (D:7)
  Pikel (D:6)
  8 spiny frogs
  5 komodo dragons
  A troll (D:8)
  A fire drake (Lair:2)
  Prince Ribbit (D:6)
  A trapdoor spider (D:7)
  11 yaks
  A basilisk (Lair:2)
  A hippogriff (Lair:2)
  2 porcupines (Lair:2)
  2 water moccasins
  4 wolves
  A black bear (D:8)
  The ghost of atarun the Skirmisher, an amateur HOFi of Yredelemnul (D:3)
  An ice beast (D:5)
  5 orc warriors (Bailey)
  A slave (D:6)
  2 ogres
  A phantom (D:7)
  A centaur (D:6)
  2 crocodiles
  Blork the orc (D:5)
  3 giant frogs
  A wyvern zombie (D:7)
  A water moccasin zombie (D:7)
  5 big kobolds
  A gnoll sergeant (D:7)
  2 scorpions
  A wyvern skeleton (D:8)
  5 wights (D:6)
  An electric eel (D:8)
  3 crimson imps
  2 centaur skeletons
  2 iron imps (D:5)
  2 jellies (D:7)
  7 hounds
  Crazy Yiuf (D:4)
  The ghost of 4thArraOfDagon the Sneak, a weakling FeIE (D:5)
  Ijyb (D:3)
  4 orc priests
  A quasit (D:7)
  Terence (D:3)
  5 iguanas
  3 orc wizards
  4 worker ants
  A hound zombie (D:8)
  Robin (D:2)
  8 gnolls
  2 worker ant zombies (D:5)
  14 adders
  17 river rats
  A shadow imp (D:6)
  An adder skeleton (D:4)
  6 worms
  7 giant geckos
  48 orcs
  7 bats
  5 giant cockroaches
  19 goblins
  8 hobgoblins
  22 jackals
  2 quokkas
  8 ball pythons
  7 giant newts
  2 gnoll zombies (D:2)
  27 kobolds
  A quokka skeleton (D:4)
  A quokka zombie (D:5)
  28 rats
357 creatures vanquished.

Vanquished Creatures (collateral kills)
  Eustachio (D:4)
  A scorpion (D:7)
  A jackal (D:7)
3 creatures vanquished.

Vanquished Creatures (others)
  2 slaves (D:6)
  2 electric eels (D:8)
  A jackal (D:8)
  20 plants (Lair:1)
25 creatures vanquished.

Grand Total: 385 creatures vanquished

Notes
Turn   | Place    | Note
--------------------------------------------------------------
     0 | D:1      | multipassport the Minotaur Chaos Knight began the quest for the Orb.
     0 | D:1      | Reached XP level 1. HP: 19/19 MP: 0/0
   153 | D:1      | Reached XP level 2. HP: 16/27 MP: 1/1
   219 | D:1      | XOM: harmless Summ miscast
   319 | D:1      | XOM: noise
   321 | D:1      | XOM: smoke on damage
   324 | D:1      | Reached skill level 4 in Fighting
   506 | D:1      | XOM: divination: magic mapping
   601 | D:1      | XOM: harmless Air miscast
   774 | D:1      | Reached XP level 3. HP: 33/33 MP: 2/2
   913 | D:2      | XOM: colour smoke trail
   950 | D:2      | Reached skill level 1 in Shields
  1099 | D:2      | XOM: noise
  1116 | D:2      | XOM: smoke on damage
  1118 | D:2      | Found a basalt altar of Yredelemnul.
  1138 | D:2      | XOM: colour smoke trail
  1229 | D:2      | Noticed Robin
  1229 | D:2      | XOM: noise
  1247 | D:2      | XOM: enchant monster (bad)
  1260 | D:2      | Reached XP level 4. HP: 12/40 MP: 3/3
  1264 | D:2      | Killed Robin
  1531 | D:2      | Found a faded altar to an unknown god.
  1965 | D:3      | Noticed atarun's ghost (amateur HOFi)
  1977 | D:3      | XOM: smoke on damage
  1985 | D:3      | Killed atarun's ghost
  1985 | D:3      | Reached XP level 5. HP: 8/47 MP: 4/4
  2017 | D:3      | XOM: enchant monster (good)
  2060 | D:3      | Noticed Terence
  2077 | D:3      | Killed Terence
  2184 | D:3      | XOM: noise
  2240 | D:3      | Found a glowing drain.
  2256 | D:3      | Reached XP level 6. HP: 30/55 MP: 5/5
  2261 | Sewer    | Entered a sewer
  2407 | Sewer    | Reached skill level 5 in Fighting
  2490 | Sewer    | Reached skill level 5 in Axes
  2730 | Sewer    | Reached XP level 7. HP: 38/61 MP: 6/6
  2875 | Sewer    | XOM: silly message
  3112 | D:3      | Noticed Ijyb
  3126 | D:3      | Killed Ijyb
  3128 | D:3      | XOM: 1-stop teleportation journey
  3130 | D:3      | XOM: mild Trmt miscast
  3292 | D:3      | Found a shimmering altar of Xom.
  3294 | D:3      | Found a bloodstained altar of Trog.
  3295 | D:3      | Found a shimmering altar of Xom.
  3296 | D:3      | Found a shimmering altar of Xom.
  3377 | D:3      | Found a shimmering altar of Xom.
  3592 | D:4      | XOM: colour smoke trail
  3598 | D:4      | Reached skill level 5 in Armour
  3897 | D:4      | Noticed Eustachio
  3917 | D:4      | Killed Eustachio
  3917 | D:4      | Reached skill level 6 in Axes
  4100 | D:4      | Noticed Crazy Yiuf
  4108 | D:4      | Killed Crazy Yiuf
  4147 | D:4      | Gained mutation: Your natural rate of healing is unusually fast. [potion of mutation]
  4147 | D:4      | Gained mutation: You are partially covered in rough black scales (AC +4, Dex -1). [potion of mutation]
  4147 | D:4      | Gained mutation: Potions and wands are less effective at restoring your health. [potion of mutation]
  4162 | D:4      | XOM: medium Fire miscast
  4260 | D:4      | XOM: divination: detect creatures
  4384 | D:4      | Reached XP level 8. HP: 70/70 MP: 7/7
  4434 | D:4      | Found a staircase to the Ecumenical Temple.
  4443 | Temple   | Entered the Ecumenical Temple
  4458 | D:5      | Entered Level 5 of the Dungeon
  4472 | D:5      | Reached skill level 5 in Dodging
  4472 | D:5      | Reached skill level 5 in Shields
  4500 | D:5      | Noticed 4thArraOfDagon's ghost (weakling FeIE)
  4503 | D:5      | Killed 4thArraOfDagon's ghost
  4640 | D:5      | Noticed Blork the orc
  4654 | D:5      | Killed Blork the orc
  4822 | D:5      | Found a radiant altar of Vehumet.
  4823 | D:5      | Found a burning altar of Makhleb.
  4829 | D:5      | XOM: polymorph crimson imp -> iron imp
  4834 | D:5      | XOM: confusion
  5337 | D:6      | XOM: severe Hex miscast
  5389 | D:6      | XOM: chaos upgrade
  5549 | D:6      | XOM: harmless Fire miscast
  5572 | D:6      | Reached skill level 7 in Axes
  5614 | D:6      | Noticed Pikel
  5624 | D:6      | XOM: silly message
  5644 | D:6      | Killed Pikel
  5644 | D:6      | Reached XP level 9. HP: 35/79 MP: 8/8
  5889 | D:6      | XOM: mild Erth miscast
  5891 | D:6      | Noticed Prince Ribbit
  5905 | D:6      | Killed Prince Ribbit
  6101 | D:7      | XOM: cast spell 'Beastly Appendage'
  6416 | D:7      | XOM: summons friendly shadow imp
  6464 | D:7      | Noticed DEFE's ghost (novice OpFE)
  6470 | D:7      | Killed DEFE's ghost
  6470 | D:7      | Reached skill level 8 in Fighting
  6633 | D:7      | XOM: noise
  6682 | D:7      | XOM: harmless Fire miscast
  6710 | D:7      | Reached skill level 1 in Long Blades
  6718 | D:7      | Reached XP level 10. HP: 90/90 MP: 9/9
  6747 | D:7      | Found Mebo's Gadget Shoppe.
  6956 | D:8      | Found a flagged portal.
  6965 | D:8      | Got a transparent halberd
  6968 | D:8      | Identified the cursed +1 halberd "Baaxai" {chop, rElec MR+ Dex+7 SInv} (You found it on level 8 of the Dungeon)
  6971 | Bailey   | Entered a bailey
  7044 | Bailey   | XOM: noise
  7071 | Bailey   | XOM: confuse monster(s)
  7298 | Bailey   | Noticed an orc knight
  7298 | Bailey   | Noticed an orc knight
  7299 | Bailey   | Noticed an orc knight
  7303 | Bailey   | Noticed an orc knight
  7303 | Bailey   | Noticed an orc knight
  7304 | Bailey   | XOM: summons 5 friendly demons
  7320 | Bailey   | XOM: potion effect (curing)
  7326 | Bailey   | XOM: summons 7 friendly demons
  7328 | Bailey   | XOM: noise
  7358 | Bailey   | XOM: noise
  7364 | Bailey   | XOM: confuse monster(s)
  7582 | D:8      | XOM: divination: detect items
  7725 | D:8      | Found a shadowy altar of Dithmenos.
  7729 | D:8      | Found a white marble altar of Elyvilon.
  7738 | D:8      | Found an opulent altar of Gozag.
  7738 | D:8      | Found a shattered altar of Ashenzari.
  7747 | D:8      | Found a sparkling altar of Nemelex Xobeh.
  7748 | D:8      | Found a stormy altar of Qazlal.
  7800 | D:8      | XOM: destruction
  7809 | D:8      | XOM: divination: detect items
  7816 | D:8      | XOM: mild Fire miscast
  7824 | D:8      | Reached skill level 9 in Fighting
  7826 | D:8      | XOM: summons 3 hostile demons
  7957 | D:8      | Found a staircase to the Lair.
  7994 | D:8      | XOM: chaos upgrade
  8572 | Lair:1   | Entered Level 1 of the Lair of Beasts
  8620 | Lair:1   | XOM: 4-stop teleportation journey
  8635 | Lair:1   | XOM: enchant monster (bad)
  8639 | Lair:1   | XOM: noise
  8641 | Lair:1   | XOM: noise
  8645 | Lair:1   | XOM: enchant monster (bad)
  8838 | Lair:1   | XOM: smoke on damage
  8933 | Lair:1   | XOM: colour smoke trail
  9081 | Lair:1   | Noticed a seven-headed hydra
  9090 | Lair:1   | XOM: silly message
  9091 | Lair:1   | Killed a four-headed hydra
  9098 | Lair:1   | Reached XP level 11. HP: 68/99 MP: 10/10
  9226 | Lair:1   | XOM: harmless Hex miscast
  9383 | Lair:1   | XOM: 3-stop teleportation journey
  9489 | Lair:1   | Gained mutation: You can spit weak poison. [potion of beneficial mutation]
  9641 | Lair:1   | Reached skill level 5 in Long Blades
  9662 | Lair:1   | XOM is BORED!
  9662 | Lair:1   | XOM: stat loss: -1 Str (20/21)
  9698 | Lair:1   | Reached skill level 10 in Fighting
 10136 | Lair:1   | XOM: medium Necr miscast
 10313 | Lair:2   | XOM: enchant monster (good)
 10439 | Lair:2   | XOM: noise
 10439 | Lair:2   | Reached skill level 10 in Armour
 10486 | Lair:2   | XOM: mild Tloc miscast
 10717 | Lair:2   | XOM: blink monster(s)
 10722 | Lair:2   | XOM: cast spell 'Ring of Flames'
 10729 | Lair:2   | Reached skill level 10 in Shields
 10753 | Lair:2   | XOM: divination: detect creatures
 11053 | Lair:2   | XOM: scenery: create altars
 11098 | Lair:3   | Noticed Rupert
 11105 | Lair:3   | XOM: smoke on damage
 11108 | Lair:3   | Demolished by Rupert

Action                   |  1- 3 |  4- 6 |  7- 9 | 10-12 || total
-------------------------+-------+-------+-------+-------++-------
Melee: Hand axe          |   109 |   199 |   383 |       ||   691
       Scimitar          |       |       |    29 |   344 ||   373
Evoke: Wand              |       |       |       |     2 ||     2
  Use: Potion            |     2 |     7 |     2 |     9 ||    20
       Scroll            |       |     5 |     1 |     2 ||     8
 Stab: Petrifying        |       |     2 |     4 |       ||     6
       Sleeping          |       |     1 |       |       ||     1
       Paralysed         |       |     2 |       |       ||     2
       Invisible         |       |       |     2 |       ||     2
       Petrified         |       |       |     1 |       ||     1
       Distracted        |       |       |       |     1 ||     1
  Eat: Chunk             |       |     6 |    13 |    15 ||    34
